 Dungeon Crawl Stone Soup version 0.29.1 (webtiles) character file.

Game seed: 2676087406384985042

156 masschaos23 the Cudgeller (level 5, -22/47 HPs)
             Began as a Minotaur Chaos Knight on Sept 13, 2022.
             Was a Plaything of Xom.
             Killed by an exploding orc (34 damage)
             ... ignited by their inner flame
             ... on level 4 of the Dungeon.
             The game lasted 00:06:56 (1060 turns).

masschaos23 the Cudgeller (Minotaur Chaos Knight)   Turns: 1060, Time: 00:06:56

Health: -22/47     AC:  7    Str: 16    XL:     5   Next: 15%
Magic:  4/4        EV: 12    Int:  9    God:    Xom [..*...]
Gold:   70         SH:  0    Dex: 18    Spells: 4/4 levels left

rFire   . . .      SeeInvis .   a - +0 mace (flame)
rCold   . . .      Faith    .   (no shield)
rNeg    . . .      Spirit   .   b - +2 leather armour
rPois   .          Reflect  .   (helmet restricted)
rElec   .          Harm     .   (no cloak)
rCorr   .          Rampage  .   e - +0 pair of gloves
Will    .....                   k - +0 pair of boots
Stlth   ++........              (no amulet)
HPRegen 0.15/turn               j - +6 ring of dexterity
MPRegen 0.09/turn               (no ring)

@: no status effects
A: horns 2, retaliatory headbutt
a: Renounce Religion


You were on level 4 of the Dungeon.
You worshipped Xom.
You were a toy of Xom.
You visited 1 branch of the dungeon, and saw 3 of its levels.

You collected 70 gold pieces.

Inventory:

Hand Weapons
 a - a +0 mace of flaming (weapon)
 h - a +0 club
Armour
 b - a +2 leather armour (worn)
 e - a +0 pair of gloves (worn)
 k - a +0 pair of boots (worn)
Jewellery
 j - a +6 ring of dexterity (left hand)
Scrolls
 d - 2 scrolls of brand weapon
Potions
 f - a potion of brilliance {unknown}
 g - a potion of curing {unknown}
 m - 2 potions of mutation {unknown}
Miscellaneous
 c - a piece from Xom's chessboard (15/15) (quivered)


   Skills:
 + Level 4.6 Fighting
 + Level 5.4 Maces & Flails
 + Level 3.0 Armour
 + Level 2.0 Dodging
 + Level 1.1 Stealth
 + Level 0.4 Evocations


You had 4 spell levels left.
You didn't know any spells.
Your spell library contained the following spells:

 Spells                   Type           Power      Damage    Failure   Level
 Summon Lightning Spire   Summ/Air       0%         N/A       99%         4
 Dispersal                Tloc           0%         N/A       100%        6
 Spellforged Servitor     Conj/Summ      0%         N/A       100%        7


Dungeon Overview and Level Annotations

Branches:
Dungeon (4/15)
 Temple: D:4-7

Altars:


Innate Abilities, Weirdness & Mutations

You have a pair of horns on your head.
You reflexively headbutt those who attack you in melee.


Message History

The gnoll is heavily wounded.
The gnoll hits you with a +0 spear. x2
You sock the gnoll! You burn the gnoll.
You kill the gnoll!
Things that are here:
a +0 spear; a gnoll corpse
Things that are here:
a +1 whip of electrocution; a gnoll corpse The gnoll shouts!
The gnoll throws a throwing net.
The throwing net hits you.
You become entangled in the net!
You see here a throwing net.
You struggle against the net.
You struggle against the net.
An orc comes into view. It is wielding a +0 hand axe.
You tear a large gash into the net.
The gnoll hits you but does no damage.
You rip the net and break free!
The gnoll hits you from afar with a +0 spear.
The gnoll closely misses you. The orc barely misses you.
Things that are here:
a +1 whip of electrocution; a gnoll corpse The gnoll attacks as you move away!
The gnoll hits you with a +0 spear. The orc attacks as you move away!
The orc barely misses you.
The gnoll hits you from afar with a +0 spear.
You hit the orc. You burn the orc.
The orc is severely wounded.
The gnoll closely misses you. The orc hits you with a +0 hand axe.
* * * LOW HITPOINT WARNING * * *
As you read the scroll labelled ZESUB DIKH, it crumbles to dust.
The creatures around you are filled with an inner flame!
It was a scroll of immolation.
The gnoll barely misses you.
The orc jeers loudly, as Orcs often do.
The orc hits you with a +0 hand axe.
* * * LOW HITPOINT WARNING * * *
You hit the orc.
Flame seeps out of the orc.
You burn the orc.
The orc explodes!
The fiery explosion engulfs you!!
Ouch! That really hurt!
You die...
Xom bursts into laughter!

#..............# ,......
#..............# .....
*#......†.......# ....
...............## ...
..............## * #.#
.>..#####.#...## #.## ... ,
###.###..##########..###### .. ,*
.>................$........
.,,,**#####.##.§@########..######
, ** #....##○########†††## ,*,, *
#....*#§##...!......### ,
**#....##g.#............# , , *,
##.....#.#.......)..#..# ,
#.####..............##.. , , , #.
###..............## ,
#.#.[........#...
#.#..........#.##


You could see a gnoll (inner flame).

Vanquished Creatures
  A phantom (D:4)
  An iguana (D:4)
  An adder (D:4)
  3 gnolls (D:4)
  A dart slug (D:1)
  An orc (D:4)
  An endoplasm (D:1)
  A giant cockroach (D:1)
  A goblin (D:4)
  2 hobgoblins
  2 kobolds (D:1)
  A quokka (D:1)
  4 ball pythons
  2 bats (D:1)
  A frilled lizard (D:1)
  2 rats (D:1)
25 creatures vanquished.

Notes
Turn   | Place    | Note
-------+----------+-------------------------------------------
     0 | D:1      | masschaos23 the Minotaur Chaos Knight began the quest for
                  | the Orb.
     0 | D:1      | Reached XP level 1. HP: 19/19 MP: 0/0
   231 | D:1      | XOM: 4-stop teleportation journey
   326 | D:1      | XOM: silly message
   370 | D:1      | Reached skill level 4 in Maces & Flails
   370 | D:1      | Reached XP level 2. HP: 27/27 MP: 1/1
   402 | D:1      | XOM: 2-stop teleportation journey
   729 | D:1      | Got the Grimoire of Summoned Coordinates
   949 | D:2      | You fall into a shaft and drop 2 floors!
   958 | D:4      | Noticed a phantom
   961 | D:4      | XOM: divination: magic mapping
   966 | D:4      | XOM: enchant monster (good)
   995 | D:4      | XOM: smoke on damage
  1001 | D:4      | Reached XP level 3. HP: 30/33 MP: 2/2
  1009 | D:4      | Killed a phantom
  1010 | D:4      | Reached skill level 5 in Maces & Flails
  1010 | D:4      | Reached XP level 4. HP: 32/41 MP: 3/3
  1023 | D:4      | Reached skill level 1 in Stealth
  1043 | D:4      | Reached XP level 5. HP: 42/47 MP: 4/4
  1060 | D:4      | Killed by an exploding orc... ignited by their inner flame

Illustrated notes

Levels and vault maps discovered:
D:1:      dpeg_arrival_long_road, layout_loops_ring, minmay_misc_feat_room,
          kennysheep_nondescript, minmay_misc_feat_diagonals
D:2:      layout_loops_ring, shapermc_ecumenical_altar_ellora, basic_altar
D:4:      layout_rooms, grunt_temple_overflow_growth_and_decay

Skill      XL: |  1  2  3  4 |
---------------+-------------+-----
Fighting       | 4 |  4.6
Maces & Flails | 4 5 |  5.4
Armour         | 3 |  3.0
Stealth        | 1 |  1.1
Dodging        | 2 |  2.0
Evocations     | |  0.4

Action                   |  1- 3 |  4- 6 || total
-------------------------+-------+-------++-------
Melee: Mace              |    51 |     9 ||    60
       Headbutt          |     4 |     1 ||     5
Evoke: Piece from Xom's  |     6 |       ||     6
  Use: Potion            |     1 |       ||     1
       Scroll            |     4 |     1 ||     5
 Stab: Paralysed         |     6 |       ||     6
Armor: Leather armour    |    14 |     4 ||    18
Dodge: Dodged            |    31 |    12 ||    43
